 Dungeon Crawl Stone Soup version 0.25-a0-972-g74ed164fb1 (webtiles) character file.

Game seed: 17156319688830360597, levelgen mode: deterministic

19805 Klapek the Geomancer (level 12, -12/71 HPs)
             Began as a Gargoyle Earth Elementalist on May 9, 2020.
             Was a High Priest of Vehumet.
             Splashed by Nessos's acid (14 damage)
             ... on level 12 of the Dungeon.
             The game lasted 00:33:46 (16324 turns).

Klapek the Geomancer (Gargoyle Earth Elementalist) Turns: 16324, Time: 00:33:47

Health: -12/71     AC: 16    Str: 14    XL:     12   Next: 72%
Magic:  33/33      EV: 15    Int: 25    God:    Vehumet [*****.]
Gold:   307        SH:  0    Dex: 14    Spells: 13/27 levels left

rFire    + . .     SeeInvis .   F - +5 lajatang (speed)
rCold    + . .     Gourm    .   (shield currently unavailable)
rNeg     + . .     Faith    .   J - +2 robe {rC+ rF+}
rPois    ∞         Spirit   .   h - +1 helmet
rElec    +         Reflect  .   i - scarf {repulsion}
rCorr    .         Harm     .   (no gloves)
MR       .....                  (no boots)
Stlth    ++........             (no amulet)
HPRegen  0.21/turn              G - ring of Beauty {rPois Int+4 Dex+4}
MPRegen  0.23/turn              L - ring of magical power

@: repel missiles
A: hooves 1, negative energy resistance 1, shaggy fur 1, electricity resistance,
strong 1, unbreathing, petrification resistance, rot immunity, AC +8
a: Renounce Religion


You were on level 12 of the Dungeon.
You worshipped Vehumet.
Vehumet was extremely pleased with you.
You were hungry.

You visited 2 branches of the dungeon, and saw 13 of its levels.
You also visited: Sewer.

You collected 657 gold pieces.
You spent 350 gold pieces at shops.

Inventory:

Hand Weapons
 q - a +1 dire flail
 C - a +0 morningstar
 D - the +11 spear of Nozxoor {pain, rF+ Int+3 SInv}
   (You found it on level 4 of the Dungeon)

   In the hands of one skilled in necromantic magic, it inflicts extra damage on
   living creatures.
   It affects your intelligence (+3).
   It protects you from fire.
   It lets you see invisible.
 F - a +5 lajatang of speed (weapon)
Missiles
 b - 222 stones (quivered)
Armour
 h - a +1 helmet (worn)
 i - a scarf of repulsion (worn)
 l - the +2 ratskin cloak {+Rats rPois rN+ Str-1 Int-1 Dex+1}
   (You found it on level 5 of the Dungeon)

   It affects your strength (-1).
   It affects your intelligence (-1).
   It affects your dexterity (+1).
   It protects you from poison.
   It protects you from negative energy.
 J - a +2 robe of resistance (worn)
Jewellery
 o - an uncursed ring of resist corrosion
 v - an uncursed ring of protection from cold
 G - the ring of Beauty (left hand) {rPois Int+4 Dex+4}
   (You found it on level 11 of the Dungeon)

   [ring of intelligence]

   It affects your intelligence (+4).
   It affects your dexterity (+4).
   It protects you from poison.
 H - a +6 ring of dexterity
 I - an uncursed ring of protection from cold
 L - a ring of magical power (right hand)
Wands
 a - a wand of polymorph (9)
 g - a wand of iceblast (25)
 E - a wand of random effects (13)
 M - a wand of enslavement (5)
Scrolls
 c - a scroll of identify
 e - 3 scrolls of amnesia
 j - 5 scrolls of teleportation
 m - 7 scrolls of remove curse
 s - 2 scrolls of magic mapping
 u - 2 scrolls of fog
 y - a scroll of fear
 z - 2 scrolls of blinking
Potions
 f - a potion of brilliance
 n - 5 potions of curing
 p - 3 potions of ambrosia
 r - 2 potions of lignification
 t - 3 potions of heal wounds
 w - a potion of might
 x - 2 potions of magic
 A - 4 potions of stabbing
 B - 2 potions of berserk rage
 K - a potion of mutation
Comestibles
 d - 25 rations


   Skills:
 + Level 6.6 Fighting
 + Level 6.0(6.8) Maces & Flails
 + Level 4.7(6.1) Staves
 - Level 6.0 Armour
 + Level 5.4 Dodging
 - Level 2.1 Stealth
 + Level 8.1 Spellcasting
 + Level 9.0 Conjurations
   Level 0.7 Transmutations
 * Level 3.6 Fire Magic
 + Level 10.7 Earth Magic
 + Level 5.5 Evocations


You had 13 spell levels left.
You knew the following spells:

 Your Spells              Type           Power        Failure   Level  Hunger
a - Sandblast             Erth           ######       1%          1    None
b - Stone Arrow           Conj/Erth      ######       1%          3    None
c - Lee's Rapid Deconstr  Erth           ######....   1%          5    ####...
d - Bolt of Magma         Conj/Fire/Erth #####.....   1%          5    ####...

Your spell library contained the following spells:

 Spells                   Type           Power        Failure   Level  Hunger
 Passwall                 Tmut/Erth      #####...     1%          2    None
 Petrify                  Tmut/Erth      #####...     5%          4    ##.....


Dungeon Overview and Level Annotations

Branches:
Dungeon (12/15)            Temple (1/1) D:5            Lair (0/6) D:10
    Orc (0/2) D:9           Sewer (visited)

Altars:
Ashenzari
Cheibriados
Gozag
Hepliaklqana
Kikubaaqudgha
Makhleb
Nemelex Xobeh
Okawaru
Ru
Sif Muna
Uskayaw
Vehumet
Wu Jian
Xom
Yredelemnul

Shops:
D:4 }   D:8 !   D:10 :

Annotations:
D:5 3 runed translucent doors, EnegeticOcto's ghost, novice BaIE
D:12 Nessos


Innate Abilities, Weirdness & Mutations

You are resistant to torment.
Your stone body is resilient. (AC +8)
You are immune to poison.
You resist negative energy. (rN+)
You are resistant to electric shocks. (rElec)
You can survive without breathing.
You are immune to petrification.
You are immune to rotting.
You have large cloven feet.
You are covered in fur. (AC +1)
Your muscles are strong. (Str +2)


Message History

Unknown command.
Unknown command.
Nessos wields a +1 longbow of flaming.
It bursts into flame!
Nessos shoots an arrow.
The arrow is repelled.
Nessos shoots an arrow.
The arrow is repelled.
Nessos shoots an arrow.
The arrow is repelled.
Nessos zaps a wand.
The bolt of acid is repelled.
Nessos unwields a +1 longbow of flaming.
It stops flaming.
Nessos hits you but does no damage.
Evoke which item? (* to show all) (? for menu, Esc to quit)
The tremorstone explodes into fragments!
The burst of rock shards engulfs Nessos!
The burst of rock shards engulfs Nessos but does no damage.
The burst of rock shards engulfs Nessos!
The burst of rock shards engulfs you but does no damage.
The burst of rock shards engulfs Nessos.
The tin disintegrates.
Nessos zaps a wand.
The bolt of acid hits you!!
* * * LOW HITPOINT WARNING * * *
You are splashed with acid!
You die...

...##.......#
...)...@....#
...##..<....# ..
#..[.>..# .
#...[....#
#........#
#........#
#########..)[>..#
#..c@...#.......#
#.......'.......#
#......(#.......
#.......########
#......(........
#...............
#...............
#...............
#...............


You could see Nessos (fast).

Vanquished Creatures
  Rupert (D:12)
  Snorg (D:12)
  Josephine (D:12)
  A centaur warrior (D:10)
  Erica (D:8)
  A two-headed ogre (D:11)
  Nergalle (D:12)
  Pikel (D:4)
  A manticore (D:12)
  Psyche (D:10)
  2 gargoyles
  A kobold demonologist (D:11)
  3 trolls
  3 hornets
  Grinder (D:4)
  2 hippogriffs
  A shadow (D:11)
  3 wraiths (D:12)
  7 yaks (D:10)
  A wyvern (D:10)
  2 hungry ghosts
  2 basilisks (D:10)
  Menkaure (D:6)
  A soldier ant (D:10)
  18 orc warriors
  6 ice beasts
  2 sky beasts
  An eye of draining (D:10)
  8 ogres
  3 phantoms
  3 centaurs
  10 big kobolds
  2 wyvern zombies
  6 bullfrogs
  4 gnoll sergeants (D:9)
  A wyvern skeleton (D:6)
  2 scorpions
  6 killer bees (D:9)
  A howler monkey (D:4)
  5 wights (D:10)
  A bullfrog zombie (D:11)
  4 crimson imps
  3 jellies
  2 bullfrog skeletons (D:11)
  3 centaur skeletons
  9 orc priests
  3 hounds
  10 orc wizards
  3 iguanas
  Ijyb (D:4)
  3 hell rats (D:5)
  12 worker ants
  2 hound zombies
  A hound skeleton (D:10)
  3 worker ant zombies
  A howler monkey skeleton (D:10)
  11 gnolls
  10 river rats
  12 adders
  2 shadow imps (D:11)
  3 oozes
  3 worms
  4 dart slugs
  6 leopard geckos
  49 orcs
  6 bats
  3 giant cockroaches
  11 goblins
  5 hobgoblins
  13 jackals
  10 quokkas
  20 ball pythons
  14 frilled lizards
  37 kobolds
  9 kobold skeletons (D:11)
  9 kobold zombies (D:11)
  2 leopard gecko zombies
  45 rats
463 creatures vanquished.

Vanquished Creatures (others)
  A worm (D:4)
  A fungus (D:10)
2 creatures vanquished.

Grand Total: 465 creatures vanquished

Notes
Turn   | Place    | Note
-------+----------+-------------------------------------------
     0 | D:1      | Klapek the Gargoyle Earth Elementalist began the quest for
                  | the Orb.
     0 | D:1      | Reached XP level 1. HP: 10/10 MP: 3/3
   381 | D:1      | Reached skill level 4 in Earth Magic
   381 | D:1      | Reached XP level 2. HP: 14/15 MP: 5/5
  1198 | D:1      | Reached XP level 3. HP: 18/19 MP: 1/6
  1203 | D:1      | Learned a level 3 spell: Stone Arrow
  2136 | D:2      | Reached skill level 1 in Conjurations
  2200 | D:2      | Found a sparkling altar of Nemelex Xobeh.
  2221 | D:2      | Reached XP level 4. HP: 23/24 MP: 8/8
  2769 | D:3      | Reached skill level 5 in Earth Magic
  2831 | D:3      | Reached XP level 5. HP: 28/28 MP: 7/9
  2881 | D:3      | Learned a level 5 spell: Lee's Rapid Deconstruction
  3497 | D:3      | Gained mutation: You are clumsy. (Dex -2) [potion of
                  | mutation]
  3497 | D:3      | Gained mutation: You have large cloven feet. [potion of
                  | mutation]
  3573 | D:3      | Lost mutation: You are clumsy. (Dex -2) [potion of
                  | mutation]
  3573 | D:3      | Lost mutation: You have large cloven feet. [potion of
                  | mutation]
  3573 | D:3      | Gained mutation: You are partially covered in iridescent
                  | scales. (AC +2) [potion of mutation]
  3573 | D:3      | Gained mutation: You occasionally shout uncontrollably at
                  | your foes. [potion of mutation]
  3573 | D:3      | Gained mutation: You have an increased reservoir of magic.
                  | (+10% MP) [potion of mutation]
  3573 | D:3      | Gained mutation: You have a pair of small antennae on your
                  | head. [potion of mutation]
  3671 | D:3      | Lost mutation: You occasionally shout uncontrollably at
                  | your foes. [potion of mutation]
  3671 | D:3      | Lost mutation: You have a pair of small antennae on your
                  | head. [potion of mutation]
  3671 | D:3      | Lost mutation: You are partially covered in iridescent
                  | scales. (AC +2) [potion of mutation]
  3671 | D:3      | Lost mutation: You have an increased reservoir of magic.
                  | (+10% MP) [potion of mutation]
  3671 | D:3      | Gained mutation: Your body sometimes deteriorates upon
                  | taking damage. [potion of mutation]
  3671 | D:3      | Gained mutation: You expend magic power (3 MP) to
                  | strengthen your wands. [potion of mutation]
  3949 | D:4      | Noticed a phantom
  3957 | D:4      | Reached XP level 6. HP: 31/32 MP: 2/11
  4285 | D:4      | Killed a phantom
  4287 | D:4      | You fall into a shaft and drop 3 floors!
  4640 | D:7      | Reached skill level 6 in Earth Magic
  4640 | D:7      | Noticed an orc warrior
  4647 | D:7      | Killed an orc warrior
  4647 | D:7      | Reached XP level 7. HP: 13/36 MP: 0/13
  5146 | D:6      | Noticed Menkaure
  5153 | D:6      | Killed Menkaure
  5163 | D:5      | Entered Level 5 of the Dungeon
  5175 | D:5      | Reached skill level 5 in Spellcasting
  5175 | D:5      | Reached skill level 7 in Earth Magic
  5456 | D:5      | Found a glowing drain.
  5471 | Sewer    | Entered a sewer
  5694 | Sewer    | Reached skill level 5 in Conjurations
  5694 | Sewer    | Reached XP level 8. HP: 39/41 MP: 10/15
  6551 | D:5      | Found a staircase to the Ecumenical Temple.
  6570 | Temple   | Entered the Ecumenical Temple
  6689 | Temple   | Became a worshipper of Vehumet
  6755 | D:5      | Reached skill level 8 in Earth Magic
  7425 | D:5      | Found the +2 ratskin cloak {+Rats rPois rN+ Str-1 Int-1
                  | Dex+1}
  7439 | D:5      | Reached * piety under Vehumet
  7439 | D:5      | Offered knowledge of Shock by Vehumet.
  7439 | D:5      | Reached skill level 1 in Fighting
  7688 | D:5      | Found a runed translucent gate.
  7689 | D:5      | Found a runed translucent gate.
  7689 | D:5      | Found a runed translucent gate.
  7690 | D:5      | Noticed EnegeticOcto's ghost (novice BaIE)
  7788 | D:4      | Reached skill level 1 in Maces & Flails
  7788 | D:4      | Reached skill level 1 in Armour
  7788 | D:4      | Reached skill level 1 in Evocations
  7906 | D:4      | Noticed Pikel
  7917 | D:4      | Killed Pikel
  7917 | D:4      | Reached XP level 9. HP: 37/48 MP: 15/18
  7971 | D:4      | Noticed Grinder
  7980 | D:4      | Paralysed by Grinder for 2 turns
  7982 | D:4      | Killed Grinder
  7990 | D:4      | Found Vam Ledd's Gadget Shoppe.
  8103 | D:4      | Noticed Ijyb
  8109 | D:4      | Killed Ijyb
  8126 | D:4      | Got a polished spear
  8127 | D:4      | Identified the +11 spear of Nozxoor {pain, rF+ Int+3 SInv}
                  | (You found it on level 4 of the Dungeon)
  8164 | D:4      | Found a sacrificial altar of Ru.
  8164 | D:4      | Found a sparkling altar of Nemelex Xobeh.
  8167 | D:4      | Found an iron altar of Okawaru.
  8650 | D:6      | Offered knowledge of Magic Dart by Vehumet.
  8658 | D:6      | Reached ** piety under Vehumet
  8816 | D:6      | Lost mutation: Your body sometimes deteriorates upon taking
                  | damage. [potion of mutation]
  8816 | D:6      | Lost mutation: You expend magic power (3 MP) to strengthen
                  | your wands. [potion of mutation]
  8816 | D:6      | Gained mutation: You have large cloven feet. [potion of
                  | mutation]
  8816 | D:6      | Gained mutation: Your muscles are strong. (Str +2) [potion
                  | of mutation]
  8816 | D:6      | Gained mutation: You are covered in fur. (AC +1) [potion of
                  | mutation]
  9790 | D:8      | Identified a scroll of acquirement
  9790 | D:8      | Identified Sif Muna's Incunabulum of Moulding and Battle
                  | Magic (You acquired it on level 8 of the Dungeon)
  9795 | D:8      | Noticed Erica
  9814 | D:8      | Killed Erica
  9814 | D:8      | Reached skill level 9 in Earth Magic
  9814 | D:8      | Reached XP level 10. HP: 34/56 MP: 18/20
 10473 | D:8      | You fall into a shaft and drop 3 floors!
 10531 | D:11     | Got a coiled granite ring
 10533 | D:11     | Identified the ring of Beauty {rPois Int+4 Dex+4} (You
                  | found it on level 11 of the Dungeon)
 10629 | D:11     | Offered knowledge of Conjure Flame by Vehumet.
 10629 | D:11     | Reached skill level 1 in Staves
 10895 | D:11     | Noticed a two-headed ogre
 10899 | D:11     | Killed a two-headed ogre
 11001 | D:10     | Entered Level 10 of the Dungeon
 11001 | D:10     | Noticed Psyche
 11016 | D:10     | Killed Psyche
 11192 | D:10     | Reached *** piety under Vehumet
 11195 | D:10     | Reached XP level 11. HP: 62/62 MP: 21/21
 11217 | D:10     | Reached skill level 5 in Fighting
 11218 | D:10     | Offered knowledge of Inner Flame by Vehumet.
 11235 | D:10     | Reached skill level 5 in Armour
 11345 | D:10     | Found a staircase to the Lair.
 11956 | D:8      | Found Fofrok's Distillery.
 11961 | D:8      | Bought a potion of curing for 42 gold pieces
 11961 | D:8      | Bought a potion of mutation for 112 gold pieces
 11961 | D:8      | Bought a potion of curing for 42 gold pieces
 11961 | D:8      | Bought a potion of curing for 42 gold pieces
 11961 | D:8      | Bought a potion of ambrosia for 112 gold pieces
 12242 | D:9      | Reached **** piety under Vehumet
 12432 | D:9      | Offered knowledge of Iskenderun's Battlesphere by Vehumet.
 12432 | D:9      | Reached skill level 10 in Earth Magic
 12817 | D:9      | Found a snail-covered altar of Cheibriados.
 12969 | D:9      | Found a staircase to the Orcish Mines.
 12991 | D:9      | Reached skill level 5 in Maces & Flails
 13513 | D:10     | Noticed a centaur warrior
 13534 | D:10     | Killed a centaur warrior
 13784 | D:10     | Found Ekaha's Book Shop.
 13814 | D:10     | Found a shattered altar of Ashenzari.
 14484 | D:11     | Reached ***** piety under Vehumet
 14487 | D:11     | Offered knowledge of Bolt of Magma by Vehumet.
 14498 | D:11     | Learned a level 5 spell: Bolt of Magma
 14575 | D:11     | Reached XP level 12. HP: 69/69 MP: 23/23
 14673 | D:11     | Found an ancient bone altar of Kikubaaqudgha.
 14873 | D:11     | Reached skill level 1 in Fire Magic
 14876 | D:11     | Reached skill level 5 in Evocations
 15116 | D:11     | Identified the +2 leather armour "Luxoi" {rN+ Str+4 Stlth+}
                  | (You found it on level 11 of the Dungeon)
 15134 | D:11     | Reached skill level 5 in Dodging
 15477 | D:12     | Noticed Nergalle
 15477 | D:12     | Noticed Snorg
 15480 | D:12     | Killed Nergalle
 15480 | D:12     | Killed Snorg
 15487 | D:12     | Noticed Rupert
 15501 | D:12     | HP: 1/70 [Rupert/+0 executioner's axe of flaming (5)]
 15921 | D:12     | Noticed Josephine
 15930 | D:12     | Killed Josephine
 16081 | D:12     | Killed Rupert
 16312 | D:12     | Noticed Nessos
 16324 | D:12     | HP: 2/71 [Nessos/bolt of acid (23)]
 16324 | D:12     | Splashed by Nessos's acid

Illustrated notes

Levels and vault maps discovered:
D:1:      sevenhm_arrival_forest_fort_small_6, layout_basic, minmay_pentomino_p2
D:2:      layout_basic, nemelex_spade_bored_becter
D:3:      minmay_octagon_keep, layout_basic, first_ration
D:4:      layout_rooms, minitemple, serial_shops, nicolae_shop_waterfront,
          uniq_ijyb, uniq_pikel, uniq_grinder
D:5:      wander_guarded_unrand_ratskin, layout_loops_ring,
          minmay_temple_entry_mini_moons, portal_sewer_entry_a,
          gammafunk_ghost_necromancy
D:6:      layout_rooms, uniq_menkaure
D:7:      layout_basic, kennysheep_generic_room_7
D:8:      layout_gridville, serial_shops, kennysheep_little_box, uniq_erica
D:9:      layout_roguey, lemuel_crystal_altar,
          kennysheep_orc_monster_closet_entryway
D:10:     layout_loops_corners, david_lair_generic, serial_shops,
          nicolae_shop_window_shopping, hangedman_pestilent_swarm,
          ashenzari_altar_1, uniq_psyche
D:11:     wander_kiku_kobolds, layout_loops_corners, special_room
          [special_room_orc]
D:12:     layout_gridville, uniq_josephine, uniq_maurice, uniq_nergalle,
          uniq_snorg, uniq_nessos, uniq_rupert
Temple:   dpeg_five_rooms_temple

Skill      XL: |  1  2  3  4  5  6  7  8  9 10 11 12 |
---------------+-------------------------------------+-----
Earth Magic    | 4 5 6 7 8 9 10 | 10.7
Conjurations   | 1 2 4 5 6 7 8 9 |  9.0
Spellcasting   | 3 4 5 6 7 8 |  8.1
Fighting       | 2 3 4 5 6 |  6.6
Maces & Flails | 2 3 4 5 6 |  6.0
Armour         | 2 3 4 5 6 |  6.0
Dodging        | 2 3 4 5 |  5.4
Evocations     | 1 3 4 5 |  5.5
Staves         | 2 3 4 |  4.7
Fire Magic     | 3 |  3.6
Stealth        | |  2.1
Transmutations | |  0.7

Action                   |  1- 3 |  4- 6 |  7- 9 | 10-12 || total
-------------------------+-------+-------+-------+-------++-------
Melee: Unarmed           |    20 |       |       |       ||    20
       Whip              |    22 |       |       |       ||    22
       Short sword       |   123 |    87 |       |       ||   210
       Mace              |       |    22 |    21 |       ||    43
       Flail             |       |       |    83 |       ||    83
       Spear             |       |       |    83 |       ||    83
       Kick              |       |       |    13 |   124 ||   137
       Lajatang          |       |       |    11 |   430 ||   441
 Cast: Sandblast         |    16 |    60 |   152 |    70 ||   298
       Lee's Rapid Decon |       |       |     5 |    23 ||    28
       Stone Arrow       |       |       |     1 |     4 ||     5
       Bolt of Magma     |       |       |       |     8 ||     8
Evoke: Wand              |       |     3 |       |     6 ||     9
       Tin of tremorston |       |       |       |     5 ||     5
  Use: Scroll            |       |    12 |     9 |     9 ||    30
       Potion            |       |     6 |     2 |     4 ||    12
 Stab: Sleeping          |     7 |       |     6 |     2 ||    15
       Confused          |       |       |       |     1 ||     1
  Eat: Chunk             |     4 |     7 |    20 |    19 ||    50
       Ration            |       |       |       |     3 ||     3
Armor: Robe              |    58 |    53 |   149 |   147 ||   407
Dodge: Dodged            |   137 |   110 |   243 |   322 ||   812
       Repelled          |    10 |     3 |     4 |    27 ||    44

Table legend:
 A = Non-vault XP
 B = Vault XP
 C = Vault XP percentage of total XP
 D = Non-vault monster count
 E = Vault monster count
 F = Vault count percentage of total count
                 A         B        C        D         E       F
            +---------+---------+-------+---------+---------+-------
      Total |   13542 |   14752 |  52.1 |     269 |     194 |  41.9
            +---------+---------+-------+---------+---------+-------
        D:1 |      53 |       1 |   1.9 |      32 |       1 |   3.0
        D:2 |      74 |       0 |   0.0 |      21 |       0 |   0.0
        D:3 |     112 |      32 |  22.2 |      25 |      11 |  30.6
        D:4 |     480 |     973 |  67.0 |      22 |       3 |  12.0
        D:5 |     584 |     173 |  22.9 |      18 |      23 |  56.1
        D:6 |     627 |     172 |  21.5 |      19 |       1 |   5.0
        D:7 |     932 |      44 |   4.5 |      24 |       3 |  11.1
        D:8 |    1104 |     934 |  45.8 |      15 |       1 |   6.2
        D:9 |    1979 |    1502 |  43.1 |      40 |      20 |  33.3
       D:10 |    3685 |    2012 |  35.3 |      25 |       9 |  26.5
       D:11 |    2335 |    2106 |  47.4 |      18 |      67 |  78.8
       D:12 |    1577 |    6487 |  80.4 |      10 |       7 |  41.2
      Sewer |       0 |     316 | 100.0 |       0 |      48 | 100.0
            +---------+---------+-------+---------+---------+-------
